 Dungeon Sprint DCSS version 0.17-a0-2118-g63bad21 (webtiles) character file.

16208 esc the Black Belt (level 12, -3/97 HPs)
             Began as an Octopode Transmuter on Oct 20, 2015.
             Was the Champion of Cheibriados.
             Slain by a catoblepas (11 damage)
             ... in the Dungeon (Sprint IX: "|||||||||||||||||||||||||||||").
             The game lasted 00:11:08 (1793 turns).

esc the Black Belt (Octopode Transmuter)            Turns: 1793, Time: 00:11:08

Health: -3/97      AC:  1    Str: 25    XL:     12   Next: 35%
Magic:  23/23      EV:  2    Int: 35    God:    Cheibriados [******]
Gold:   1637       SH:  0    Dex: 33    Spells: 4 memorised, 13 levels left

rFire  . . .     SeeInvis .       - Unarmed
rCold  . . .     Clarity  .     (shield currently unavailable)
rNeg   + + +     SustAt   .     (helmet restricted)
rPois  ∞         Gourm    .     (no amulet)
rElec  .         Spirit   .     p - +3 ring of dexterity
rCorr  .         Warding  .     o - +3 ring of intelligence
rMut   .         NoTele   +     A - ring of positive energy {rN+}
MR     +....                    v - ring of poison resistance {rPois, !d}
Stlth  +++.......               C - ring of protection from magic {MR+, !d}
                                (no ring)
                                (no ring)
                                (no ring)

@: blade tentacles, petrified, very slow, somewhat resistant to hostile
enchantments, fairly stealthy
A: almost no armour, amphibious, 8 rings, constrict 8, camouflage 1, gelatinous
body 1
a: End Transformation, Bend Time, Temporal Distortion, Slouch, Step From Time,
Renounce Religion


You were in the Dungeon.
You worshipped Cheibriados.
Cheibriados was exalted by your worship.
You were full.
You had blades for tentacles.
You visited 1 branch You collected 1913 gold pieces.
You spent 276 gold pieces at shops.

Inventory:

Hand Weapons
 F - the +1 eveningstar "Brilliance" {holy, rN+ AC+5 Int+5}
   (You found it in the Dungeon)

   It has been blessed by the Shining One to cause great damage to the undead
   and demons.
   It affects your AC (+5).
   It affects your intelligence (+5).
   It protects you from negative energy.
Missiles
 a - 54 arrows
 y - 5 tomahawks of returning (quivered)
 z - a throwing net {=f, !d}
Magical Staves
 m - an uncursed staff of energy {@w1+MP, hungerless spells, !d!a}
   (You found it in the Dungeon)
Jewellery
 o - a +3 ring of intelligence (right scythe-like blade)
   (You found it in the Dungeon)
 p - a +3 ring of dexterity (left scythe-like blade)
   (You found it in the Dungeon)
 v - a ring of poison resistance (on tentacle) {rPois, !d}
   (You found it in the Dungeon)
 A - a ring of positive energy (on tentacle) {rN+}
   (You bought it in a shop in the Dungeon)
 C - a ring of protection from magic (on tentacle) {MR+, !d}
   (You found it in the Dungeon)
 D - an uncursed ring of fire {rF+, rC-}
   (You found it in the Dungeon)
 E - an uncursed ring of ice {rC+, rF-}
   (You found it in the Dungeon)
Wands
 n - a wand of cold (7)
   (You found it in the Dungeon)
Scrolls
 h - 4 scrolls of enchant armour
 i - 3 scrolls of blinking {!r}
 k - 4 scrolls of remove curse
 l - 2 scrolls of amnesia
 t - 3 scrolls of identify
 u - a scroll of recharging
 G - 2 scrolls of enchant weapon
Potions
 d - 8 potions of curing
 e - a potion of might
 g - 4 potions of magic
 j - a potion of invisibility
 q - 5 potions of heal wounds
 r - 2 potions of brilliance
 s - a potion of agility
Books
 b - a book of Changes
Comestibles
 c - 14 bread rations {@e1}
 w - 40 fruits
 x - 11 meat rations {@e2}


   Skills:
 + Level 14.6 Fighting
 + Level 14.8 Dodging
 + Level 15.0 Unarmed Combat
 - Level 7.7 Spellcasting
 - Level 8.5 Transmutations
 + Level 13.8 Invocations


You had 13 spell levels left.
You knew the following spells:

 Your Spells              Type           Power        Failure   Level  Hunger
a - Beastly Appendage     Trmt           ######       8%          1    None
b - Ice Form              Ice/Trmt       #####...     41%         4    None
c - Spider Form           Trmt/Pois      #####.....   17%         3    None
x - Blade Hands           Trmt           ######....   28%         5    ####...


Dungeon Overview and Level Annotations

Branches:
Dungeon (1/1)

Altars:
Cheibriados
Dithmenos
Elyvilon
Fedhas
Gozag
Kikubaaqudgha
Makhleb
Nemelex Xobeh
Okawaru
Qazlal
Ru
Sif Muna
Trog
Vehumet
Xom
Yredelemnul
Zin
The Shining One
Beogh
Jiyva
Lugonu

Shops:
D *(((


Innate Abilities, Weirdness & Mutations

You cannot wear most types of armour.
You are amphibious.
You can wear up to eight rings at the same time.
You can use your tentacles to constrict eight enemies at once.
Your skin changes colour to match your surroundings (Stealth).
Your rubbery body absorbs attacks (AC +1).


Message History

You destroy the quokka zombie!
Cheibriados thoroughly appreciates the change of pace.
A stone giant comes into view.
The ogre mage mumbles some strange words.
The ogre mage flickers and vanishes!
Deactivating autopickup; reactivate with Ctrl-A.
A frost giant comes into view. It is wielding a battleaxe of freezing.
The deep elf mage points at you and mumbles some strange words.
The stone arrow misses you.
The deep elf mage completely misses you.
Something hits you!
You take 8 damage, and have 81/97 hp.
You barely miss the deep elf mage.
The stone giant shouts!
The frost giant shouts!
You grab the deep elf mage. You constrict the deep elf mage.
The deep elf mage casts a spell at you. The stone arrow hits you!
Something hits you.
You take 22 damage, and have 59/97 hp.
MASSIVE DAMAGE!!
You hit the deep elf mage but do no damage.
You constrict the deep elf mage.
The deep elf mage hits you with a short sword.
Something hits you!
You take 12 damage, and have 47/97 hp.
You shred the deep elf mage!!!
You kill the deep elf mage!
Cheibriados thoroughly appreciates the change of pace.
Something barely misses you.
A yaktaur comes into view.
Something closely misses you.
The catoblepas breathes a plume of calcifying dust at you.
The blast of calcifying dust hits something.
The blast of calcifying dust hits you!
A stone giant comes into view.
Things that are here:
a short sword; a leather armour; an elf corpse You take 5 damage, and have 42/97 hp.
Drink which item? (? for menu, Esc to quit)
Okay, then.
You have no means to grasp a wand firmly enough.
Drink which item? (? for menu, Esc to quit)
You feel much better.
You are engulfed in calcifying dust.
You are slowing down.
Something hits you!
You regained 19 hp, and now have 61/97 hp.
You barely miss something.
The stone giant shouts!
You squeeze something.
You are engulfed in calcifying dust.
Your limbs are stiffening.
You shred something!!! You squeeze something.
You are engulfed in calcifying dust.
The catoblepas breathes a plume of calcifying dust at you.
The blast of calcifying dust hits something.
The blast of calcifying dust hits you!
You have turned to stone.
You are engulfed in calcifying dust.
A red very ugly thing comes into view.
You are engulfed in calcifying dust.
The catoblepas breathes a plume of calcifying dust at you.
The blast of calcifying dust hits something.
The blast of calcifying dust hits you!
The yaktaur shouts!
The red very ugly thing gurgles horribly!
The catoblepas breathes a plume of calcifying dust at you.
The blast of calcifying dust hits something.
The blast of calcifying dust hits you!
You are engulfed in calcifying dust.
The catoblepas roars fiercely, eyes lowered.
You turn to flesh and can move again.
You take 13 damage, and have 48/97 hp.
MP restored: 23 Unknown command.
Unknown command.
Unknown command.
Unknown command.
You slice something!! You squeeze something.
Reactivating autopickup.
Your Unarmed Combat skill increases to level 15!
You feel a bit more experienced.
You are engulfed in calcifying dust.
You are slowing down.
An ettin comes into view.
It is wielding a dire flail and a dire flail of draining.
The catoblepas gores you! x2
The catoblepas breathes a plume of calcifying dust at you.
The blast of calcifying dust hits you!
You have turned to stone.
You are engulfed in calcifying dust.
The ettin moves out of view.
The catoblepas gores you!!
* * * LOW HITPOINT WARNING * * *
You are engulfed in calcifying dust.
The catoblepas completely misses you.
You are engulfed in calcifying dust.
The catoblepas gores you!
* * * LOW HITPOINT WARNING * * *
The catoblepas gores you!!
* * * LOW HITPOINT WARNING * * *
The catoblepas gores you!!
You die...

▓.▓.▓.▓.▓.▓.▓'▓
▓.▓.▓'▓.▓.▓.▓.▓
▓.▓.▓)▓.▓'▓.▓.▓
▓)▓.▓.▓.▓.▓.▓.▓
▓.▓.▓.▓.▓.▓.▓)▓
▓.▓.▓.▓.▓%▓.▓[▓
▓.▓.▓.▓.▓.▓.▓[▓
▓)▓.▓∩▓.▓.▓.▓[▓
▓@▓.▓.▓.▓.▓.▓.▓
▓Y▓.▓∩▓.▓.▓.▓.▓
▓C▓.▓[▓.▓.▓.▓'▓
▓C▓)▓∩▓.▓.▓.▓÷▓
▓C▓.▓)▓.▓[▓.▓)▓
▓u▓.▓∩▓.▓[▓.▓.▓
▓c▓.▓.▓.▓.▓.▓.▓
▓.▓.▓.▓.▓'▓.▓.▓
▓.▓.▓.▓.▓.▓.▓


You could see a frost giant, a red very ugly thing, 2 stone giants, a catoblepas
and a yaktaur.

Vanquished Creatures
  2 ogre magi (D)
  A death yak (D)
  An unseen horror (D)
  5 deep trolls (D)
  2 lindwurms (D)
  4 orc knights (D)
  4 hill giants (D)
  An orc sorcerer (D)
  A griffon (D)
  A black mamba (D)
  3 spiny frogs (D)
  3 komodo dragons (D)
  An efreet (D)
  A fire drake (D)
  3 trolls (D)
  A wyvern (D)
  Eustachio (D)
  A shadow (D)
  A basilisk (D)
  A deep elf mage (D)
  3 porcupines (D)
  A water moccasin (D)
  A sky beast (D)
  9 orc warriors (D)
  A black bear (D)
  A boggart (D)
  An ice beast (D)
  2 centaurs (D)
  2 brain worms (D)
  A crocodile (D)
  A giant frog (D)
  2 orc wizards (D)
  4 orc priests (D)
  An iguana (D)
  A worker ant (D)
  A sheep (D)
  A shadow imp (D)
  4 worms (D)
  A giant gecko (D)
  9 orcs (D)
  A bat zombie (D)
  A giant cockroach (D)
  A goblin (D)
  A hobgoblin (D)
  2 quokkas (D)
  A giant newt (D)
  A kobold (D)
  A quokka zombie (D)
94 creatures vanquished.

Notes
Turn   | Place    | Note
--------------------------------------------------------------
     0 | D        | esc the Octopode Transmuter began the quest for the Orb.
     0 | D        | Reached XP level 1. HP: 13/13 MP: 3/3
    15 | D        | HP: 3/13 [giant cockroach (1)]
   280 | D        | Noticed a centaur
   280 | D        | Noticed an orc wizard
   282 | D        | Reached XP level 2. HP: 19/19 MP: 1/5
   287 | D        | Killed an orc wizard
   287 | D        | Reached skill level 2 in Fighting
   287 | D        | Reached skill level 3 in Dodging
   287 | D        | Reached skill level 4 in Unarmed Combat
   287 | D        | Reached skill level 3 in Spellcasting
   287 | D        | Reached skill level 3 in Transmutations
   287 | D        | Reached XP level 3. HP: 25/25 MP: 1/7
   290 | D        | Killed a centaur
   290 | D        | Reached skill level 4 in Fighting
   290 | D        | Reached skill level 4 in Dodging
   290 | D        | Reached skill level 5 in Unarmed Combat
   290 | D        | Reached skill level 4 in Spellcasting
   290 | D        | Reached skill level 4 in Transmutations
   290 | D        | Reached XP level 4. HP: 33/33 MP: 1/10
   290 | D        | Reached XP level 5. HP: 37/37 MP: 1/11
   305 | D        | Found a glowing silver altar of Zin.
   305 | D        | Found a glowing golden altar of the Shining One.
   305 | D        | Found an ancient bone altar of Kikubaaqudgha.
   305 | D        | Found a basalt altar of Yredelemnul.
   305 | D        | Found a shimmering altar of Xom.
   305 | D        | Found a radiant altar of Vehumet.
   306 | D        | Found an iron altar of Okawaru.
   307 | D        | Found a burning altar of Makhleb.
   308 | D        | Found a deep blue altar of Sif Muna.
   309 | D        | Found a bloodstained altar of Trog.
   310 | D        | Found a sparkling altar of Nemelex Xobeh.
   311 | D        | Found a white marble altar of Elyvilon.
   312 | D        | Found a roughly hewn altar of Beogh.
   313 | D        | Found a viscous altar of Jiyva.
   314 | D        | Found a corrupted altar of Lugonu.
   315 | D        | Found a blossoming altar of Fedhas.
   316 | D        | Found a snail-covered altar of Cheibriados.
   317 | D        | Found a shadowy altar of Dithmenos.
   318 | D        | Found a stormy altar of Qazlal.
   319 | D        | Found an opulent altar of Gozag.
   320 | D        | Found a sacrificial altar of Ru.
   324 | D        | Became a worshipper of Cheibriados the Contemplative
   351 | D        | Learned a level 3 spell: Spider Form
   354 | D        | Noticed a wyvern
   354 | D        | Noticed a centaur
   354 | D        | Noticed an ice beast
   354 | D        | Noticed a worker ant
   362 | D        | Killed a wyvern
   362 | D        | Reached skill level 5 in Fighting
   362 | D        | Reached skill level 5 in Dodging
   362 | D        | Reached skill level 6 in Unarmed Combat
   362 | D        | Reached skill level 5 in Spellcasting
   362 | D        | Reached skill level 6 in Transmutations
   362 | D        | Reached XP level 6. HP: 33/45 MP: 10/14
   368 | D        | Killed a centaur
   368 | D        | Reached * piety under Cheibriados
   368 | D        | Reached skill level 6 in Fighting
   368 | D        | Reached skill level 6 in Dodging
   376 | D        | Killed an ice beast
   376 | D        | Reached ** piety under Cheibriados
   376 | D        | Reached skill level 7 in Unarmed Combat
   376 | D        | Reached skill level 6 in Spellcasting
   376 | D        | Reached XP level 7. HP: 39/53 MP: 11/16
   378 | D        | Killed a worker ant
   404 | D        | Noticed a sky beast
   404 | D        | Noticed a giant frog
   411 | D        | Reached *** piety under Cheibriados
   420 | D        | Killed a sky beast
   420 | D        | Reached skill level 7 in Dodging
   420 | D        | Reached skill level 7 in Transmutations
   432 | D        | HP: 11/53 [something (11)]
   438 | D        | Killed an unseen horror
   438 | D        | Reached skill level 8 in Fighting
   438 | D        | Reached skill level 8 in Dodging
   438 | D        | Reached skill level 8 in Unarmed Combat
   438 | D        | Reached skill level 7 in Spellcasting
   438 | D        | Reached skill level 8 in Transmutations
   438 | D        | Reached XP level 8. HP: 58/61 MP: 16/19
   439 | D        | Reached **** piety under Cheibriados
   441 | D        | Killed a giant frog
   463 | D        | Learned a level 5 spell: Blade Hands
   468 | D        | Learned a level 4 spell: Ice Form
   573 | D        | Noticed a komodo dragon
   573 | D        | Noticed an iguana
   573 | D        | Noticed a black mamba
   573 | D        | Noticed a porcupine
   573 | D        | Noticed a black bear
   577 | D        | Killed a komodo dragon
   577 | D        | Reached ***** piety under Cheibriados
   577 | D        | Reached skill level 9 in Unarmed Combat
   577 | D        | Reached skill level 2 in Invocations
   579 | D        | Noticed a fire drake
   580 | D        | Noticed a spiny frog
   580 | D        | Killed an iguana
   580 | D        | Reached skill level 3 in Invocations
   582 | D        | Noticed a basilisk
   583 | D        | Killed a black mamba
   583 | D        | Reached skill level 9 in Fighting
   583 | D        | Reached skill level 9 in Dodging
   583 | D        | Reached skill level 4 in Invocations
   583 | D        | Reached XP level 9. HP: 57/68 MP: 15/20
   585 | D        | Killed a porcupine
   586 | D        | Killed a black bear
   586 | D        | Reached skill level 5 in Invocations
   590 | D        | Killed a fire drake
   590 | D        | Reached skill level 10 in Unarmed Combat
   592 | D        | Killed a spiny frog
   592 | D        | Reached ****** piety under Cheibriados
   592 | D        | Reached skill level 10 in Fighting
   592 | D        | Reached skill level 10 in Dodging
   592 | D        | Reached skill level 6 in Invocations
   593 | D        | Killed a basilisk
   684 | D        | Noticed a griffon
   684 | D        | Noticed a komodo dragon
   684 | D        | Noticed a spiny frog
   684 | D        | Noticed a porcupine
   684 | D        | Noticed a porcupine
   684 | D        | Noticed a water moccasin
   687 | D        | Killed a griffon
   687 | D        | Reached skill level 7 in Invocations
   689 | D        | Noticed a spiny frog
   691 | D        | Killed a komodo dragon
   691 | D        | Reached skill level 11 in Unarmed Combat
   691 | D        | Reached XP level 10. HP: 60/77 MP: 16/21
   693 | D        | Killed a spiny frog
   693 | D        | Reached skill level 11 in Dodging
   693 | D        | Reached skill level 8 in Invocations
   694 | D        | Noticed a crocodile
   694 | D        | Killed a porcupine
   696 | D        | Killed a porcupine
   697 | D        | Killed a water moccasin
   697 | D        | Reached skill level 11 in Fighting
   698 | D        | Killed a spiny frog
   701 | D        | Killed a crocodile
   707 | D        | Noticed a death yak
   730 | D        | Killed a death yak
   730 | D        | Reached skill level 12 in Unarmed Combat
   730 | D        | Reached skill level 9 in Invocations
   767 | D        | Noticed a brain worm
   767 | D        | Noticed a brain worm
   767 | D        | Noticed a lindwurm
   767 | D        | Noticed a lindwurm
   769 | D        | Killed a brain worm
   773 | D        | Killed a brain worm
   774 | D        | Killed a lindwurm
   774 | D        | Reached skill level 12 in Dodging
   780 | D        | Killed a lindwurm
   780 | D        | Reached skill level 12 in Fighting
   780 | D        | Reached skill level 10 in Invocations
   980 | D        | Noticed an orc warrior
   980 | D        | Noticed an orc wizard
   980 | D        | Noticed an orc priest
   980 | D        | Noticed an orc warrior
   980 | D        | Noticed an orc priest
   982 | D        | Noticed an orc knight
   984 | D        | Killed an orc warrior
   985 | D        | Noticed an orc warrior
   987 | D        | Killed an orc warrior
   988 | D        | Killed an orc wizard
   989 | D        | Killed an orc priest
   989 | D        | Killed an orc priest
   990 | D        | Killed an orc warrior
   994 | D        | Noticed an orc priest
   994 | D        | Killed an orc knight
   994 | D        | Reached XP level 11. HP: 84/86 MP: 3/22
   999 | D        | Killed an orc priest
  1085 | D        | Noticed an orc knight
  1085 | D        | Noticed an orc warrior
  1085 | D        | Noticed an orc warrior
  1085 | D        | Noticed an orc warrior
  1085 | D        | Noticed an orc warrior
  1085 | D        | Noticed an orc knight
  1086 | D        | Noticed an orc warrior
  1087 | D        | Killed an orc warrior
  1089 | D        | Noticed an orc knight
  1089 | D        | Killed an orc knight
  1091 | D        | Killed an orc warrior
  1091 | D        | Reached skill level 13 in Unarmed Combat
  1091 | D        | Reached skill level 11 in Invocations
  1095 | D        | Killed an orc knight
  1098 | D        | Killed an orc knight
  1098 | D        | Reached skill level 13 in Dodging
  1099 | D        | Killed an orc warrior
  1100 | D        | Noticed an orc warrior
  1101 | D        | Noticed an orc sorcerer
  1102 | D        | Killed an orc warrior
  1103 | D        | Noticed an orc priest
  1105 | D        | Killed an orc warrior
  1107 | D        | Killed an orc warrior
  1110 | D        | Killed an orc sorcerer
  1110 | D        | Reached skill level 13 in Fighting
  1113 | D        | Killed an orc priest
  1254 | D        | Found Deurrun's General Store.
  1254 | D        | Noticed a deep troll
  1254 | D        | Noticed a deep troll
  1254 | D        | Noticed a deep troll
  1254 | D        | Noticed a hill giant
  1254 | D        | Noticed a troll
  1255 | D        | Noticed a troll
  1255 | D        | Noticed a hill giant
  1259 | D        | Killed a deep troll
  1261 | D        | Killed a deep troll
  1261 | D        | Reached skill level 12 in Invocations
  1264 | D        | Killed a deep troll
  1265 | D        | Killed a hill giant
  1265 | D        | Reached skill level 14 in Unarmed Combat
  1267 | D        | Killed a troll
  1270 | D        | Killed a troll
  1273 | D        | Noticed a deep troll
  1273 | D        | Killed a hill giant
  1273 | D        | Reached skill level 14 in Dodging
  1281 | D        | Killed a deep troll
  1489 | D        | Found Dociyqum's Antique Weapon Shoppe.
  1493 | D        | Found Ackily's Weapon Emporium.
  1497 | D        | Found Pazocs's Antique Weapon Shoppe.
  1499 | D        | Noticed a deep troll
  1500 | D        | Noticed a hill giant
  1501 | D        | Noticed an ogre mage
  1505 | D        | Noticed a troll
  1507 | D        | Killed a deep troll
  1507 | D        | Reached skill level 14 in Fighting
  1507 | D        | Reached XP level 12. HP: 77/96 MP: 17/23
  1508 | D        | Noticed a hill giant
  1510 | D        | Killed a hill giant
  1510 | D        | Reached skill level 13 in Invocations
  1511 | D        | Killed a troll
  1514 | D        | Killed an ogre mage
  1517 | D        | Killed a hill giant
  1571 | D        | Bought an uncursed ring of positive energy for 240 gold pieces
  1571 | D        | Bought a potion of curing for 36 gold pieces
  1620 | D        | Noticed Eustachio
  1628 | D        | Killed Eustachio
  1760 | D        | Noticed a boggart
  1760 | D        | Noticed a komodo dragon
  1760 | D        | Noticed an efreet
  1760 | D        | Noticed a shadow
  1760 | D        | Noticed a deep elf mage
  1761 | D        | Killed a boggart
  1764 | D        | Killed a komodo dragon
  1766 | D        | Killed an efreet
  1767 | D        | Noticed an ogre mage
  1768 | D        | Noticed a catoblepas
  1769 | D        | Killed a shadow
  1771 | D        | Noticed a stone giant
  1772 | D        | Noticed a frost giant
  1775 | D        | Killed a deep elf mage
  1776 | D        | Noticed a yaktaur
  1777 | D        | Noticed a stone giant
  1781 | D        | Noticed a red very ugly thing
  1787 | D        | Killed an ogre mage
  1787 | D        | Reached skill level 15 in Unarmed Combat
  1788 | D        | Noticed an ettin
  1789 | D        | HP: 24/97 [catoblepas (10)]
  1792 | D        | HP: 7/97 [catoblepas (14)]
  1793 | D        | Slain by a catoblepas

Vault maps used:
D:        linesprint

Action                   |  1- 3 |  4- 6 |  7- 9 | 10-12 || total
-------------------------+-------+-------+-------+-------++-------
Melee: Unarmed           |    20 |    20 |    65 |    99 ||   204
 Cast: Beastly Appendage |     2 |       |       |       ||     2
       Spider Form       |       |     1 |     1 |       ||     2
       Blade Hands       |       |       |     2 |    11 ||    13
Invok: Slouch            |       |       |       |     3 ||     3
  Use: Potion            |     1 |       |     3 |     1 ||     5
 Stab: Distracted        |       |       |       |     1 ||     1
  Eat: Chunk             |       |       |       |     3 ||     3
       Meat ration       |       |       |       |     1 ||     1

Vault maps used:
D:        linesprint

Table legend:
 A = Turns spent in this place as a percentage of turns spent in the entire game.
 B = Non-inter-level travel turns spent in this place as a percentage of non-inter-level travel turns spent in the entire game.
 C = Inter-level travel turns spent in this place as a percentage of turns spent in this place.
 D = Turns resting spent in this place as a percentage of non-inter-level travel turns spent in this place.
 E = Turns spent auto-exploring this place as a percentage of non-inter-level travel turns spent in this place.
 F = Non-inter-level travel turns spent in this place divided by the number of levels of this place that you've seen.
                   A       B       C       D       E      F
               +-------+-------+-------+-------+-------+----------------------
         Total | 100.0 | 100.0 |   0.0 |   3.0 |   0.5 | 791.0
       Dungeon | 100.0 | 100.0 |   0.0 |   3.0 |   0.5 | 791.0
               +-------+-------+-------+-------+-------+----------------------

Table legend:
 A = Kills in this place as a percentage of kills in entire the game.
 B = Kills by you in this place as a percentage of kills by you in the entire game.
 C = Kills by friends in this place as a percentage of kills by friends in the entire game.
 D = Other kills in this place as a percentage of other kills in the entire game.
 E = Experience gained in this place as a percentage of experience gained in the entire game.
 F = Experience gained in this place divided by the number of levels of this place that you have seen.
                   A       B       C       D       E      F
               +-------+-------+-------+-------+-------+----------------------
         Total | 100.0 | 100.0 |  -nan |  -nan | 100.0 | 23155.0
       Dungeon | 100.0 | 100.0 |  -nan |  -nan | 100.0 | 23155.0
               +-------+-------+-------+-------+-------+----------------------
